 Dungeon Crawl Stone Soup version 0.21.1-1-g345015fe64 (webtiles) character file.

186 JarielCorvus the Magician (level 5, -8/28 HPs)
             Began as a Deep Elf Conjurer on July 6, 2018.
             Mangled by Sigmund
             ... wielding a +0 scythe
              (10 damage)
             ... on level 2 of the Dungeon.
             The game lasted 00:05:59 (1837 turns).

JarielCorvus the Magician (Deep Elf Conjurer)       Turns: 1837, Time: 00:06:00

Health: -8/28      AC:  2    Str:  5    XL:     5   Next: 38%
Magic:  6/16       EV: 13    Int: 21    God:
Gold:   70         SH:  0    Dex: 15    Spells: 11/17 levels left

rFire    . . .     SeeInvis .   d - +2 dagger (protect)
rCold    . . .     Gourm    .   (no shield)
rNeg     . . .     Faith    .   a - +0 robe
rPois    .         Spirit   .   (no helmet)
rElec    .         Reflect  .   (no cloak)
rCorr    .         Harm     .   (no gloves)
MR       .....                  (no boots)
Stlth    ++........             (no amulet)
HPRegen  0.09/turn              (no ring)
MPRegen  0.15/turn              (no ring)

@: no status effects
A: no striking features
a: no special abilities


You were on level 2 of the Dungeon.
You were hungry.

You visited 1 branch of the dungeon, and saw 2 of its levels.

You collected 70 gold pieces.

Inventory:

Hand Weapons
 d - a +2 dagger of protection (weapon)
 j - a +0 dagger of venom
Armour
 a - a +0 robe (worn)
Scrolls
 f - 2 scrolls of immolation
 h - a scroll of teleportation {unknown}
Potions
 e - a potion of lignification {unknown}
 g - 2 potions of invisibility {unknown}
 i - a potion of resistance {unknown}
Books
 b - a book of Conjurations

   Spells                             Type                      Level
   a - Magic Dart                     Conjuration                  1
   b - Searing Ray                    Conjuration                  2
   c - Dazzling Spray                 Conjuration/Hexes            3
   d - Fulminant Prism                Conjuration/Hexes            4
   e - Force Lance                    Conjuration/Translocation    4
   f - Iskenderun's Mystic Blast      Conjuration                  4
Comestibles
 c - 4 rations


   Skills:
 - Level 2.4 Dodging
 - Level 2.4 Stealth
 * Level 6.5 Spellcasting
 + Level 5.5 Conjurations


You had 11 spell levels left.
You knew the following spells:

 Your Spells              Type           Power        Failure   Level  Hunger
a - Magic Dart            Conj           ####         1%          1    None
b - Searing Ray           Conj           ####..       1%          2    None
c - Dazzling Spray        Conj/Hex       ###...       9%          3    #......


Dungeon Overview and Level Annotations

Branches:
Dungeon (2/15)

Altars:

Annotations:
D:2 1 runed door, Sigmund


Message History

Aiming: Searing Ray
Press: ? - help, Shift-Dir - straight line The searing ray hits something. (Press . to maintain the ray.)
The searing ray hits something.
Something hits you.
The searing ray hits something.
You finish channeling your searing ray.
Something hits you!
* * * LOW HITPOINT WARNING * * *
Something barely misses you. Something barely misses you.
Casting: Searing Ray
Confirm with . or Enter, or press ? or * to list all spells.
You can't see any susceptible monsters within range! (Use Z to cast anyway.) Unknown command.
Casting: Searing Ray
Confirm with . or Enter, or press ? or * to list all spells.
Aiming: Magic Dart
Press: ? - help, Shift-Dir - straight line The magic dart hits something.
Something hits you!
You die...

#....##.# #.......# #....##.#####
#.......# #....##.#...#
###(......# #....##.#.#.#
#.........#
#####....##.#.#.#####...####'####
.................†)..............
###......##.#.#.############.....
#......##.#.#.###.....## ######
#......##.#...@.'....... #...
#......##.###.###.....## #)#.
#......##.....# .....# #.#.
#......######## †....# #.#.
#......# .....# #... #......#
.....# #.## .....# #... .....#
#.## #.#


There were no monsters in sight!

Vanquished Creatures
  2 orc wizards (D:2)
  Natasha (twice) (D:2)
  2 adders (D:2)
  2 worms (D:2)
  A leopard gecko (D:1)
  3 orcs (D:2)
  5 bats
  2 giant cockroaches (D:1)
  12 goblins
  7 hobgoblins
  3 jackals (D:2)
  A quokka (D:2)
  A frilled lizard (D:1)
  6 kobolds
  8 rats
57 creatures vanquished.

Notes
Turn   | Place    | Note
-------+----------+-------------------------------------------
     0 | D:1      | JarielCorvus the Deep Elf Conjurer began the quest for the Orb.
     0 | D:1      | Reached XP level 1. HP: 10/10 MP: 6/6
   280 | D:1      | Reached XP level 2. HP: 15/15 MP: 4/8
   284 | D:1      | Learned a level 2 spell: Searing Ray
   480 | D:1      | Reached skill level 4 in Spellcasting
   732 | D:2      | Noticed Natasha
   736 | D:2      | Killed Natasha
   736 | D:2      | Reached XP level 3. HP: 10/19 MP: 6/11
   880 | D:2      | Learned a level 3 spell: Dazzling Spray
   912 | D:2      | Noticed Natasha
   914 | D:2      | Killed Natasha
   914 | D:2      | Reached skill level 5 in Spellcasting
   914 | D:2      | Reached skill level 5 in Conjurations
   914 | D:2      | Reached XP level 4. HP: 24/24 MP: 7/13
  1502 | D:2      | Reached skill level 6 in Spellcasting
  1502 | D:2      | Reached XP level 5. HP: 28/28 MP: 3/15
  1747 | D:2      | Found a runed door.
  1820 | D:2      | Noticed Sigmund
  1837 | D:2      | Mangled by Sigmund

Skill      XL: |  1  2  3  4 |
---------------+-------------+-----
Spellcasting   | 4 5 6 |  6.5
Conjurations   | 5 |  5.5
Dodging        | |  2.4
Stealth        | |  2.4

Action                   |  1- 3 |  4- 6 || total
-------------------------+-------+-------++-------
Melee: Dagger            |     8 |     2 ||    10
 Cast: Magic Dart        |    40 |    71 ||   111
       Searing Ray       |     4 |     1 ||     5
       Dazzling Spray    |     1 |       ||     1
  Use: Scroll            |     5 |       ||     5
  Eat: Chunk             |       |     2 ||     2
Armor: Robe              |     2 |     1 ||     3
Dodge: Dodged            |    12 |     5 ||    17
